 Dungeon Crawl Stone Soup version 0.31-a0-632-g766dd24fdf (webtiles) character file.

Game seed: 1323962795727917854

1730 thirtiethelement the Skirmisher (level 8, 0/61 HPs)
             Began as a Demonspawn Hunter on Aug 26, 2023.
             Was an Initiate of Gozag.
             Slain by Prince Ribbit (16 damage)
             ... on level 5 of the Dungeon.
             The game lasted 00:13:52 (4914 turns).

thirtiethelement the Skirmisher (Demonspawn Hunter) Turns: 4914, Time: 00:13:52

Health: 0/61       AC:  4    Str: 12    XL:     8   Next: 76%
Magic:  0/8        EV: 13    Int: 10    God:    Gozag
Gold:   469        SH:  0    Dex: 19    Spells: 7/7 levels left

rFire   . . .        a - +0 shortbow
rCold   . . .        (shield currently unavailable)
rNeg    . . .        c - +0 leather armour
rPois   .            s - +1 hat
rElec   .            (no cloak)
rCorr   .            (no gloves)
SInv    .            (no boots)
Will    .....        k - amulet of guardian spirit
Stlth   ++           (no ring)
HPRegen 0.30/turn    (no ring)
MPRegen 0.11/turn

%: guardian spirit
@: no status effects
A: hooves 1, demonic guardian 2, ignite blood 1
a: Renounce Religion, Potion Petition, Call Merchant, Bribe Branch


You were on level 5 of the Dungeon.
You worshipped Gozag.
Gozag was aware of your devotion.
You visited 1 branch of the dungeon, and saw 5 of its levels.
You also visited: Sewer and Ossuary.

You collected 506 gold pieces.
You paid 37 gold pieces to Gozag.

Inventory:

Hand Weapons
 a - a +0 shortbow (weapon)
 t - a +0 hand axe of distortion
 u - a +1 hand axe of freezing
Armour
 c - a +0 leather armour (worn)
 s - a +1 hat (worn)
Jewellery
 k - an amulet of guardian spirit (around neck)
 l - an amulet of faith
Wands
 p - a wand of polymorph (4)
 q - a wand of mindburst (17)
Scrolls
 b - a scroll of butterflies
 e - a scroll of blinking
 f - 3 scrolls of enchant armour
 g - 3 scrolls of teleportation
 i - a scroll of fog {unknown}
 j - a scroll of poison {unknown}
 o - a scroll of amnesia
 x - 2 scrolls of fear
 y - 2 scrolls of immolation
 B - 2 scrolls of torment {unknown}
 D - a scroll of enchant weapon {unknown}
Potions
 d - a potion of berserk rage
 h - 3 potions of haste
 m - 4 potions of attraction
 n - 2 potions of curing {unknown}
 r - a potion of invisibility {unknown}
 v - a potion of cancellation {unknown}
 w - a potion of brilliance
 z - a potion of might {unknown}
 A - a potion of resistance {unknown}
 C - 2 potions of heal wounds


   Skills:
 + Level 4.7 Fighting
 + Level 9.1 Ranged Weapons
 + Level 3.4 Armour
 + Level 3.0 Dodging
 + Level 1.2 Stealth
 + Level 0.4 Unarmed Combat


You had 7 spell levels left.
You didn't know any spells.
Your spell library contained the following spells:

 Spells                   Type           Power      Damage    Failure   Level
 Apportation              Tloc           0%         N/A       43%         1
 Shock                    Conj/Air       0%         1d3       43%         1
 Swiftness                Air            0%         N/A       82%         3
 Airstrike                Air            0%         2d(0-16)  99%         4
 Alistair's Intoxication  Tmut/Pois      0%         N/A       100%        5


Dungeon Overview and Level Annotations

Branches:
Dungeon (5/15)              Sewer (visited)         Ossuary (visited)
 Temple: D:4-7

Altars:
Ashenzari
Dithmenos
Fedhas
Gozag
Yredelemnul

Annotations:
D:5 Prince Ribbit


Innate Abilities, Weirdness & Mutations

You have large cloven feet.
A demonic guardian rushes to your aid.
Your demonic aura sometimes causes spilled blood to erupt in flames.


Message History

The orc priest is no longer distracted by gold.
The orc priest is lightly wounded.
You shoot an arrow. The arrow barely misses the orc priest.
You shoot an arrow. The arrow hits the orc priest!
The orc priest is heavily wounded.
The orc priest is engulfed in blazing flames.
You kill the orc priest!
No target in view!
You now have 464 gold pieces (gained 8).
You see here the +8 dagger "Adeorihy" {holy, rC- rN+++ Int-2 SInv}.
You now have 469 gold pieces (gained 5).
You see here a +0 short sword.
You see here a +0 short sword.
Done exploring.
Done exploring.
Done exploring.
What level of the Dungeon? (default 4, ? - help)
There is a stone staircase leading down here.
You climb downwards.
Found a potion of degeneration.
There is a stone staircase leading up here.
Prince Ribbit is nearby!
You shoot an arrow. The arrow hits Prince Ribbit.
Prince Ribbit is lightly wounded.
Prince Ribbit is engulfed in blazing flames.
You shoot an arrow. The arrow hits Prince Ribbit!
Prince Ribbit is heavily wounded.
Prince Ribbit hits you!
You shoot an arrow. The arrow misses Prince Ribbit.
Prince Ribbit hits you! x2
You are too injured to fight recklessly!
You are too injured to fight recklessly!
You shoot an arrow. The arrow closely misses Prince Ribbit.
Prince Ribbit barely misses you.
You shoot an arrow. The arrow closely misses Prince Ribbit.
Prince Ribbit hits you!
* * * LOW HITPOINT WARNING * * *
A demonic guardian appears!
Prince Ribbit hits you!!
You die...
Your body crumbles into a pile of gold.

.#.....
.......
.......
.!.....
.......
#..4.
#...####
#.○F..#
#..@#......
#....#
#.#..
###... #
.....
....###
##.### ..
...


You could see Prince Ribbit (ally target) and a friendly orange demon
(summoned).

Vanquished Creatures
  Grinder (D:3)
  Pargi (Sewer)
  2 wyvern zombies (Ossuary)
  2 water moccasin zombies (Ossuary)
  3 centaur zombies (Ossuary)
  A jelly (D:4)
  3 bullfrog zombies (Ossuary)
  5 orc priests (D:4)
  2 sleepcaps (D:3)
  Ijyb (D:3)
  An iguana (D:4)
  An orc wizard (D:3)
  13 mummies (Ossuary)
  A howler monkey zombie (Ossuary)
  2 adders
  A river rat (D:3)
  6 gnolls
  2 ufetubi (D:4)
  4 dart slugs
  7 orcs
  9 bats
  4 endoplasms
  2 giant cockroaches
  3 hobgoblins
  3 jackals (D:1)
  5 kobolds
  3 quokkas
  7 ball pythons
  2 frilled lizards (D:1)
  8 rats
105 creatures vanquished.

Vanquished Creatures (collateral kills)
  A hornet zombie (Ossuary)
  3 sleepcaps (D:3)
  6 mummies (Ossuary)
  A howler monkey zombie (Ossuary)
  A gnoll (D:2)
  A river rat (D:3)
  2 orcs (D:3)
15 creatures vanquished.

Grand Total: 120 creatures vanquished

Notes
Turn   | Place    | Note
-------+----------+-------------------------------------------
     0 | D:1      | thirtiethelement the Demonspawn Hunter began the quest for
                  | the Orb.
     0 | D:1      | Reached XP level 1. HP: 16/16 MP: 1/1
   173 | D:1      | Reached skill level 4 in Ranged Weapons
   182 | D:1      | Discovered your monstrous ancestry.
   182 | D:1      | Gained mutation: You have large cloven feet. [demonic
                  | ancestry]
   182 | D:1      | Reached XP level 2. HP: 22/22 MP: 2/2
   654 | D:1      | Found a faded altar of an unknown god.
   681 | D:1      | Gained mutation: A weak demonic guardian rushes to your
                  | aid. [demonic ancestry]
   681 | D:1      | Reached XP level 3. HP: 27/27 MP: 3/3
  1022 | D:2      | Reached skill level 1 in Stealth
  1105 | D:2      | Reached XP level 4. HP: 5/34 MP: 4/4
  1270 | D:2      | Found a basalt altar of Yredelemnul.
  1281 | D:2      | You fall into a shaft and drop 1 floor!
  1476 | D:3      | Reached skill level 5 in Ranged Weapons
  1476 | D:3      | Reached skill level 1 in Armour
  1497 | D:3      | Gained mutation: Your demonic aura sometimes causes spilled
                  | blood to erupt in flames. [demonic ancestry]
  1497 | D:3      | Reached XP level 5. HP: 8/39 MP: 5/5
  1732 | D:3      | Found a glowing drain.
  1741 | Sewer    | Entered a sewer
  1781 | Sewer    | Noticed Pargi
  1804 | Sewer    | Killed Pargi
  1805 | Sewer    | Reached XP level 6. HP: 21/47 MP: 6/6
  1959 | D:3      | Found a blossoming altar of Fedhas.
  2320 | D:3      | Found a shadowy altar of Dithmenos.
  2413 | D:3      | Noticed Grinder
  2423 | D:3      | Paralysed by Grinder for 5 turns
  2430 | D:3      | Killed Grinder
  2431 | D:3      | Reached skill level 6 in Ranged Weapons
  2431 | D:3      | Gained mutation: A demonic guardian rushes to your aid.
                  | [demonic ancestry]
  2431 | D:3      | Reached XP level 7. HP: 30/52 MP: 3/7
  2760 | D:3      | Found an opulent altar of Gozag.
  2792 | D:3      | Noticed Ijyb
  2809 | D:3      | Killed Ijyb
  2969 | D:3      | Became a worshipper of Gozag Ym Sagoz the Greedy
  3378 | D:4      | Found a sand-covered staircase.
  3384 | Ossuary  | Entered an ossuary
  3421 | Ossuary  | Reached skill level 7 in Ranged Weapons
  3631 | Ossuary  | Reached XP level 8. HP: 45/60 MP: 5/8
  3891 | Ossuary  | Reached skill level 8 in Ranged Weapons
  4606 | D:4      | Found a broken altar of Ashenzari.
  4742 | D:4      | Identified the +8 dagger "Adeorihy" {holy, rC- rN+++ Int-2
                  | SInv}
  4745 | D:4      | Reached skill level 9 in Ranged Weapons
  4906 | D:5      | Entered Level 5 of the Dungeon
  4906 | D:5      | Noticed Prince Ribbit
  4914 | D:5      | Slain by Prince Ribbit

Illustrated notes

Levels and vault maps discovered:
D:1:      evilmike_arrival_hilbert_curve, layout_basic, basic_ecumenical_altar
D:2:      layout_loops_ring, basic_altar
D:3:      layout_loops_corners, nicolae_overflow_crystal_walls,
          mainiacjoe_overflow_alcove_1, nicolae_gozag_seed_capital,
          portal_sewer_entry_b, fountainhead, hellmonk_no_cap, uniq_ijyb,
          uniq_grinder
D:4:      layout_cave_pools, mainiacjoe_overflow_two_lobes,
          lightli_ossuary_entry_decrepit_ruins
D:5:      layout_cave_pools, uniq_prince_ribbit1

Skill      XL: |  1  2  3  4  5  6  7  8 |
---------------+-------------------------+-----
Ranged Weapons | 4 5 6 7 9 |  9.1
Dodging        | 2 3 |  3.0
Stealth        | 1 |  1.2
Armour         | 1 2 3 |  3.4
Fighting       | 3 4 |  4.7
Unarmed Combat | |  0.4

Action                     |  1- 3 |  4- 6 |  7- 9 || total
---------------------------+-------+-------+-------++-------
  Melee: Unarmed           |       |     3 |       ||     3
   Fire: Shortbow          |    97 |   121 |   337 ||   555
    Use: Potion            |       |     4 |       ||     4
         Scroll            |       |     2 |     7 ||     9
 Armour: Leather armour    |    11 |    39 |    31 ||    81
         Skin              |       |     2 |       ||     2
  Dodge: Dodged            |    37 |    76 |   101 ||   214

Table legend: (Time is in decaauts)
 A = Elapsed time spent in this place.
 B = Non-inter-level travel time spent in this place.
 C = Inter-level travel time spent in this place.
 D = Time resting spent in this place.
 E = Time spent auto-exploring this place.
 F = Levels seen in this place.
 G = Mean time per level.
                   A        B        C        D        E       F      G
               +--------+--------+--------+--------+--------+-----+--------+
         Total |   4997 |   4953 |     44 |   1223 |   2426 |   7 |  713.9 |
       Dungeon |   3802 |   3758 |     44 |    607 |   2333 |   5 |  760.4 |
         Sewer |    135 |    135 |      0 |     22 |      0 |   1 |  135.0 |
       Ossuary |   1058 |   1058 |      0 |    594 |     93 |   1 | 1058.0 |
               +--------+--------+--------+--------+--------+-----+--------+

Top non-repeatable levels by time:
     D:3: 1882 daAuts
 Ossuary: 1058 daAuts
     D:1: 970 daAuts
     D:4: 608 daAuts
     D:2: 333 daAuts
   Sewer: 135 daAuts
     D:5: 7 daAuts
